Map: Prion Terraces

Players

LindyHop - Winner!

  • Race: Zerg Zerg
  • League: Silver

A.I. 1 (Medium)

  • Race: Zerg Zerg

VOD

Have the link to the VOD?

Description

Time

  • Played on: Dec. 2, 2015, 12:17 a.m.
  • Length: 10:40
Show
View Real Time Build Order
Export as new Build Order

LindyHop Zerg - Winner!

Build Orders: Pool First 

Get SALT Encoding   

  12  0:01  Drone  
  13  0:09  Drone  
  14  0:27  Spawning Pool  
  13  0:31  Drone  
  13  0:32  Extractor  
  13  0:36  Drone  
  14  0:44  Overlord  
  14  1:13  Queen  
  14  1:15  Zergling x6  
  19  1:26  Zergling x2  
  20  1:37  Metabolic Boost, Zergling x2  
  21  1:48  Drone  
  22  2:04  Hatchery  
  21  2:11  Drone  
  21  2:14  Overlord  
  21  2:34  Zergling x2  
  21  2:35  Zergling x6  
  24  2:46  Zergling x2  
  22  2:59  Drone  
  23  3:05  Roach Warren  
  23  3:11  Evolution Chamber, Drone  
  20  3:28  Drone x4  
  24  3:49  Queen  
  24  3:53  Zerg Ground Armor Level 1  
  26  4:00  Drone x3  
  29  4:17  Drone  
  29  4:18  Drone x3  
  33  4:31  Drone x3  
  33  4:33  Overlord  
  36  4:40  Lair, Extractor  
  35  4:52  Spine Crawler  
  34  5:00  Roach x3  
  34  5:02  Drone x4  
  44  5:11  Overlord  
  41  5:29  Roach  
  41  5:30  Roach x4  
  41  5:31  Zergling x2  
  48  5:43  Extractor  
  48  5:44  Drone x2  
  48  5:46  Extractor  
  48  5:58  Drone x2  
  50  6:10  Spire  
  49  6:14  Overseer  
  49  6:19  Drone x3  
  51  6:29  Hatchery  
  50  6:46  Drone  
  51  6:47  Hatchery  
  50  6:57  Overlord x3  
  50  7:25  Mutalisk x6  
  50  7:27  Zergling x6  
  50  7:28  Zergling x8  
  69  7:37  Zerg Melee Weapons Level 1  
  69  7:39  Zergling x4  
  71  7:45  Drone x2  
  71  7:51  Drone x4  
  77  8:02  Mutalisk  
  77  8:03  Mutalisk x2  
  83  8:13  Zerg Flyer Weapons Level 1  
  83  8:16  Extractor  
  83  8:18  Extractor  
  81  8:39  Mutalisk  
  81  8:40  Mutalisk x2  
  83  8:42  Zergling x6  
  83  8:43  Zergling x8  
  80  9:00  Overlord x4  
  74  9:14  Mutalisk  
  74  9:15  Mutalisk  
  77  9:18  Drone  
  77  9:21  Drone x3  
  77  9:22  Drone x2  
  77  9:23  Drone  
  84  9:25  Hydralisk Den  
  84  9:29  Mutalisk  
  85  9:38  Mutalisk  
  85  9:39  Hatchery, Mutalisk  
  85  9:41  Zergling x4  
  90  9:46  Mutalisk  
  92  9:55  Drone  
  92  9:56  Drone x5  
Show
View Real Time Build Order
Export as new Build Order

A.I. 1 (Medium) Zerg 

Build Orders: Pool First 

Get SALT Encoding   

  12  0:00  Drone  
  13  0:12  Overlord  
  13  0:17  Drone  
  14  0:30  Drone  
  14  0:33  Drone  
  16  0:43  Spawning Pool  
  16  0:45  Drone  
  16  0:49  Drone  
  17  0:52  Extractor  
  17  0:55  Drone  
  17  1:06  Overlord  
  17  1:30  Queen  
  17  1:31  Zergling x2  
  20  1:35  Roach Warren  
  20  1:38  Drone, Zergling x2  
  21  1:49  Drone  
  22  1:59  Overlord  
  22  2:17  Drone, Extractor  
  22  2:21  Roach  
  22  2:32  Zergling x2  
  24  2:37  Drone  
  24  2:39  Baneling Nest, Zergling x2  
  24  2:40  Drone  
  22  2:46  Roach  
  22  2:54  Queen  
  22  2:55  Roach  
  25  3:05  Zergling x2  
  26  3:15  Roach  
  26  3:18  Evolution Chamber  
  27  3:26  Zergling x2  
  27  3:37  Drone  
  28  3:48  Roach  
  30  3:58  Drone  
  30  4:01  Drone  
  30  4:02  Overlord  
  32  4:04  Drone  
  32  4:10  Zergling x2  
  33  4:20  Drone  
  34  4:31  Lair, Drone  
  34  4:34  Drone  
  36  4:45  Overlord  
  36  4:49  Drone  
  36  4:52  Drone  
  38  5:15  Spore Crawler  
  38  5:16  Drone  
  37  5:22  Spore Crawler  
  37  5:24  Drone  
  37  5:28  Zergling x2  
  37  5:30  Overseer  
  37  5:31  Overseer  
  37  5:33  Hatchery, Infestation Pit  
  37  5:35  Hydralisk Den  
  26  5:51  Roach  
  26  5:54  Drone  
  29  5:57  Drone  
  30  6:04  Roach  
  32  6:16  Infestor  
  34  6:20  Spine Crawler  
  34  6:21  Drone  
  34  6:29  Spine Crawler  
  34  6:30  Drone, Roach  
  36  6:39  Queen  
  38  6:43  Roach  
  38  6:44  Drone  
  41  6:47  Drone  
  41  6:50  Drone  
  41  6:53  Drone  
  44  6:55  Infestor  
  44  6:57  Drone  
  44  7:00  Drone  
  48  7:05  Drone  
  49  7:08  Drone  
  49  7:11  Hydralisk  
  49  7:12  Drone  
  49  7:13  Spore Crawler  
  49  7:15  Drone  
  53  7:18  Drone  
  53  7:20  Overlord  
  54  7:27  Drone  
  54  7:28  Spore Crawler  
  54  7:30  Drone  
  55  7:37  Queen  
  55  7:38  Drone  
  55  7:41  Drone  
  55  7:43  Drone  
  60  7:46  Drone  
  60  7:47  Overlord  
  60  7:50  Drone  
  62  7:53  Drone  
  63  7:59  Drone  
  63  8:00  Spine Crawler  
  63  8:02  Drone  
  63  8:05  Drone  
  65  8:07  Spine Crawler  
  64  8:15  Spire  
  64  8:18  Evolution Chamber  
  62  8:20  Drone  
  63  8:33  Pneumatized Carapace  
  63  8:35  Overlord  
  50  8:49  Overseer  
  38  9:18  Drone  
  38  9:20  Drone  
  38  9:22  Extractor  
  38  9:24  Drone  
  32  9:26  Mutalisk  
  32  9:29  Drone  
  29  9:36  Mutalisk  
  29  9:37  Drone  
  29  9:40  Drone  
  29  9:43  Drone  
  31  9:51  Hydralisk  
  31  9:52  Hatchery  
  32  9:59  Drone  
  32  10:02  Corruptor  
  34  10:08  Overlord  
  34  10:09  Hydralisk  
  28  10:23  Drone  
  28  10:26  Drone  
Tags
 
Add a new tag
Caveats
  • Supply blocks, unpowered buildings, or Contaminate may cause inaccurate times.
  • Supply counts are checked every 10 seconds.